 Dungeon Crawl Stone Soup version 0.30-a0-728-gc68057be0a (webtiles) character file.

Game seed: 9809879875330748776

919 bratinateska the Trooper (level 7, -4/64 HPs)
             Began as a Minotaur Fighter on Jan 31, 2023.
             Slain by a gnoll
             ... wielding a +0 halberd
             ... led by a gnoll sergeant
              (6 damage)
             ... on level 5 of the Dungeon.
             The game lasted 00:06:24 (3760 turns).

bratinateska the Trooper (Minotaur Fighter)         Turns: 3760, Time: 00:06:24

Health: -4/64      AC: 14    Str: 23    XL:     7   Next: 83%
Magic:  0/6        EV:  6    Int:  5    God:
Gold:   297        SH:  5    Dex:  9    Spells: 6/6 levels left

rFire   . . .      SeeInvis .    a - +0 war axe
rCold   . . .      Faith    .    c - +0 buckler
rNeg    . . .      Spirit   +    i - +0 plate armour
rPois   .          Reflect  .    (helmet restricted)
rElec   .          Harm     .    k - +0 cloak
rCorr   .          Rampage  .    (no gloves)
Will    +....      Clarity  +    (no boots) Stlth
                                 B - amulet of guardian spirit
HPRegen 0.30/turn                (no ring)
MPRegen 0.10/turn                (no ring)

@: no status effects
A: horns 2, retaliatory headbutt, clarity, strong-willed 1, inability to read
after injury 1
a: no special abilities


You were on level 5 of the Dungeon.
You visited 1 branch of the dungeon, and saw 5 of its levels.

You collected 297 gold pieces.

Inventory:

Hand Weapons
 a - a +0 war axe (weapon)
Missiles
 g - 3 throwing nets (quivered)
Armour
 b - a +0 scale mail
 c - a +0 buckler (worn)
 i - a +0 plate armour (worn)
 k - a +0 cloak (worn)
Jewellery
 p - an amulet of magic regeneration
 B - an amulet of guardian spirit (around neck)
Wands
 w - a wand of flame (19)
Scrolls
 h - a scroll of enchant armour {unknown}
 n - 3 scrolls of identify {unknown}
 o - 5 scrolls of noise {unknown}
 q - 2 scrolls of enchant weapon {unknown}
 r - 2 scrolls of immolation {unknown}
 s - 2 scrolls of teleportation {unknown}
 u - a scroll of vulnerability {unknown}
 v - 2 scrolls of silence {unknown}
 y - a scroll of fear {unknown}
 z - a scroll of fog {unknown}
 D - a scroll of magic mapping {unknown}
Potions
 d - a potion of heal wounds {unknown}
 e - a potion of berserk rage {unknown}
 f - a potion of curing
 j - a potion of resistance {unknown}
 l - a potion of magic {unknown}
 t - a potion of ambrosia {unknown}
 x - a potion of might
 A - a potion of degeneration {unknown}
 C - a potion of flight {unknown}


   Skills:
 + Level 6.5 Fighting
 + Level 5.8 Axes
 + Level 6.4 Armour
 + Level 6.4 Shields


You had 6 spell levels left.
You didn't know any spells.
Your spell library contained the following spells:

 Spells                   Type           Power      Damage    Failure   Level
 Magic Dart               Conj           0%         1d3       100%        1
 Slow                     Hex            0%         N/A       100%        1
 Searing Ray              Conj           0%         2d4       100%        2
 Fulminant Prism          Conj/Hex       0%         3d5       100%        4


Dungeon Overview and Level Annotations

Branches:
Dungeon (5/15)
 Temple: D:4-7

Altars:
Elyvilon
Gozag
Kikubaaqudgha
Wu Jian


Innate Abilities, Weirdness & Mutations

You have a pair of horns on your head.
You reflexively headbutt those who attack you in melee.
You possess an exceptional clarity of mind.
You are strong-willed. (Will+)
You occasionally lose the ability to read scrolls when taking damage.


Message History

* * * LOW HITPOINT WARNING * * *
The gnoll sergeant hits you but does no damage.
A gnoll comes into view. It is wielding a +0 halberd.
You hit the gnoll sergeant.
The gnoll sergeant is heavily wounded.
The gnoll sergeant hits you but does no damage.
You closely miss the gnoll sergeant.
You headbutt the gnoll sergeant, but do no damage.
The gnoll sergeant is heavily wounded.
The gnoll hits you from afar with a +0 halberd.
* * * LOW HITPOINT WARNING * * *
The gnoll sergeant barely misses you. The gnoll hits you with a +0 halberd!
* * * LOW HITPOINT WARNING * * *
The gnoll hits you but does no damage.
You barely miss the gnoll. You headbutt the gnoll.
The gnoll is moderately wounded.
You barely miss the gnoll. You closely miss the gnoll sergeant.
The gnoll hits you with a +0 halberd.
* * * LOW HITPOINT WARNING * * *
The gnoll hits you but does no damage.
The gnoll sergeant hits you but does no damage.
You block the gnoll sergeant's attack. The gnoll hits you but does no damage.
The gnoll hits you with a +0 halberd.
* * * LOW HITPOINT WARNING * * *
It was a potion of curing.
You feel better.
The gnoll sergeant hits you but does no damage.
The gnoll hits you with a +0 halberd.
* * * LOW HITPOINT WARNING * * *
You block the gnoll's attack.
You slash the gnoll!
The gnoll is almost dead.
You slash the gnoll sergeant! You slash the gnoll!
You block the gnoll's attack. x2
The gnoll sergeant hits you with a +0 spear!
* * * LOW HITPOINT WARNING * * *
It was a potion of mutation.
You feel extremely strange.
You feel strong-willed.
Your thoughts seem clearer.
You occasionally lose the ability to read scrolls when taking damage.
The gnoll hits you with a +0 halberd.
You die...

... .# .. .# #.#
.# # #.. .## #.
.. ..#
#.##.#..###.#
#...gg......#####
###.#.#@#
#..[####
......g.#
#....<.###
#####.#†###.#
#...##.##.
#........#
##.###.##.
#.))###### #.#
#...§ #...# #.#
####. #...# #.#
#. #..÷#
######.## ###
#...#
#.......####..


You could see a gnoll sergeant and 2 gnolls.

Vanquished Creatures
  2 phantoms
  A necrophage (D:5)
  A scorpion (D:5)
  A gnoll sergeant (D:4)
  2 hounds (D:4)
  A gnoll bouda (D:4)
  4 iguanas
  Jessica (D:3)
  Natasha (twice) (D:3)
  Robin (D:3)
  17 gnolls
  5 adders
  An ufetubus (D:5)
  2 worms
  2 dart slugs
  2 orcs
  9 ball pythons
  2 bats
  4 endoplasms
  5 giant cockroaches
  16 goblins
  9 hobgoblins
  2 jackals (D:2)
  6 kobolds
  3 quokkas
  2 frilled lizards
  6 rats
109 creatures vanquished.

Vanquished Creatures (others)
  5 plants (D:3)
5 creatures vanquished.

Grand Total: 114 creatures vanquished

Notes
Turn   | Place    | Note
-------+----------+-------------------------------------------
     0 | D:1      | bratinateska the Minotaur Fighter began the quest for the
                  | Orb.
     0 | D:1      | Reached XP level 1. HP: 19/19 MP: 0/0
   462 | D:1      | Reached XP level 2. HP: 24/27 MP: 1/1
   601 | D:1      | You fall into a shaft and drop 1 floor!
   692 | D:1      | Found a faded altar of an unknown god.
   700 | D:1      | Got Plato's Octavo of Beguiling
   864 | D:2      | Reached XP level 3. HP: 4/33 MP: 2/2
  1080 | D:2      | Reached XP level 4. HP: 41/41 MP: 3/3
  1222 | D:2      | Found a white marble altar of Elyvilon.
  1474 | D:3      | Noticed Robin
  1501 | D:3      | Killed Robin
  1639 | D:3      | Noticed Natasha
  1644 | D:3      | Killed Natasha
  1645 | D:3      | Reached XP level 5. HP: 47/47 MP: 4/4
  1705 | D:3      | Found an opulent altar of Gozag.
  1797 | D:3      | Noticed Jessica
  1801 | D:3      | Killed Jessica
  2111 | D:3      | Noticed Natasha
  2117 | D:3      | Killed Natasha
  2283 | D:4      | Reached skill level 5 in Fighting
  2283 | D:4      | Reached skill level 5 in Armour
  2283 | D:4      | Reached skill level 5 in Shields
  2309 | D:4      | Reached XP level 6. HP: 56/56 MP: 5/5
  2761 | D:4      | Reached skill level 5 in Axes
  2812 | D:4      | Found an ancient bone altar of Kikubaaqudgha.
  2821 | D:4      | Found an ornate altar of the Wu Jian Council.
  2864 | D:4      | Reached XP level 7. HP: 17/62 MP: 6/6
  3330 | D:5      | Entered Level 5 of the Dungeon
  3757 | D:5      | HP: 2/64 [gnoll/+0 halberd[a gnoll sergeant] (2)]
  3760 | D:5      | Gained mutation: You are strong-willed. (Will+) [potion of
                  | mutation]
  3760 | D:5      | Gained mutation: You possess an exceptional clarity of
                  | mind. [potion of mutation]
  3760 | D:5      | Gained mutation: You occasionally lose the ability to read
                  | scrolls when taking damage. [potion of mutation]
  3760 | D:5      | Slain by a gnoll

Illustrated notes

Levels and vault maps discovered:
D:1:      dpeg_arrival_three_same_balls, layout_basic, serial_forest,
          infiniplex_forest_clump_double, infiniplex_forest_clump_tiny,
          infiniplex_forest_clump_curved, infiniplex_forest_lined_4_way,
          infiniplex_forest_zigzag_2, infiniplex_forest_clump_curved,
          shapermc_ecumenical_altar_rom_forum
D:2:      layout_rooms, basic_altar, grunt_ministairs_5,
          minmay_fractal_squares_gapless_5
D:3:      layout_loops_ring, nicolae_gozag_seed_capital, serial_forest,
          infiniplex_forest_lined_corner, infiniplex_forest_clump_double,
          infiniplex_forest_lined_1, infiniplex_forest_straight_2,
          infiniplex_forest_straight_2, infiniplex_forest_zigzag_1,
          infiniplex_forest_zigzag_1, kennysheep_potato, uniq_jessica,
          uniq_natasha, uniq_robin
D:4:      layout_basic, mainiacjoe_overflow_swirl, lightli_minifort
D:5:      layout_loops_cross, mainiacjoe_overflow_six_doors_small

Skill      XL: |  1  2  3  4  5  6  7 |
---------------+----------------------+-----
Fighting       | 4 5 6 |  6.5
Armour         | 4 5 6 |  6.4
Shields        | 4 5 6 |  6.4
Axes           | 3 4 5 |  5.8

Action                     |  1- 3 |  4- 6 |  7- 9 || total
---------------------------+-------+-------+-------++-------
  Melee: War axe           |    40 |   149 |    47 ||   236
         Headbutt          |    10 |    21 |    14 ||    45
    Use: Potion            |     1 |       |     2 ||     3
 Armour: Scale mail        |     6 |       |       ||     6
         Plate armour      |    20 |   126 |    44 ||   190
  Dodge: Dodged            |    15 |    54 |    16 ||    85
  Block: Buckler           |    12 |    36 |    13 ||    61

Table legend: (Time is in decaauts)
 A = Elapsed time spent in this place.
 B = Non-inter-level travel time spent in this place.
 C = Inter-level travel time spent in this place.
 D = Time resting spent in this place.
 E = Time spent auto-exploring this place.
 F = Levels seen in this place.
 G = Mean time per level.
                   A        B        C        D        E       F      G
               +--------+--------+--------+--------+--------+-----+--------+
         Total |   3837 |   3732 |    105 |    496 |   2580 |   5 |  767.4 |
       Dungeon |   3837 |   3732 |    105 |    496 |   2580 |   5 |  767.4 |
               +--------+--------+--------+--------+--------+-----+--------+

Top non-repeatable levels by time:
     D:4: 1079 daAuts
     D:3: 842 daAuts
     D:1: 792 daAuts
     D:2: 681 daAuts
     D:5: 442 daAuts
